 Dungeon Crawl Stone Soup version 0.27-a0-978-g2aa4ecdaef (webtiles) character file.

Game seed: 15532163828986576545

20755 tilp the Carver (level 12, -7/62 HPs)
             Began as a Vine Stalker Brigand on Apr 15, 2021.
             Was an Elder of Uskayaw.
             Mangled by an orc warlord
             ... wielding a +3 broad axe of flaming
              (17 damage)
             ... on level 1 of the Orcish Mines.
             The game lasted 00:21:16 (12640 turns).

tilp the Carver (Vine Stalker Brigand)             Turns: 12640, Time: 00:21:17

Health: -7/62      AC: 21    Str: 16    XL:     12   Next: 82%
Magic:  0/28       EV:  6    Int: 11    God:    Uskayaw [****..]
Gold:   984        SH: 10    Dex: 19    Spells: 11/11 levels left

rFire    . . .     SeeInvis .   a - +8 autumn katana {vorpal, Clar}
rCold    . . .     Faith    .   x - +0 kite shield
rNeg     . . .     Spirit   +   n - +6 chain mail of Yxiumull {Regen+}
rPois    .         Reflect  .   (no helmet)
rElec    .         Harm     .   c - +2 cloak
rCorr    .         Rampage  .   (no gloves)
Will     +....     Clarity  +   (no boots)
Stlth    +.........             (no amulet)
HPRegen  2.20/turn              u - ring of magical power
MPRegen  0.21/turn              C - +4 ring of protection

@: no status effects
A: fangs 3, regeneration 1, magic shield, antimagic bite, no potion heal 2
a: Renounce Religion, Stomp, Line Pass


You were on level 1 of the Orcish Mines.
You worshipped Uskayaw.
Uskayaw was aware of your devotion.
You visited 3 branches of the dungeon, and saw 14 of its levels.

You collected 1128 gold pieces.
You spent 144 gold pieces at shops.

Inventory:

Hand Weapons
 a - the +8 autumn katana (weapon) {vorpal, Clar}
   (You took it off a centaur on level 7 of the Dungeon)

   It inflicts extra damage upon your enemies.
   It protects you against confusion.
 b - a +1 dagger of draining
 j - a +0 vampiric dagger
 w - a +2 dagger
Missiles
 d - 36 poisoned darts (quivered)
 e - 2 curare-tipped darts {!f}
 p - 39 boomerangs
 y - 3 throwing nets {!f}
 N - 8 silver boomerangs
Armour
 c - a +2 cloak (worn)
 n - the +6 chain mail of Yxiumull (worn) {Regen+}
   (You took it off Edmund on level 6 of the Dungeon)

   It increases your rate of health regeneration.
 x - a +0 kite shield (worn)
 D - a +0 buckler
Jewellery
 u - a ring of magical power (left hand)
 v - a ring of see invisible
 z - a +4 ring of protection
 C - a +4 ring of protection (right hand)
 E - a ring of positive energy
 L - a +6 ring of dexterity
 O - a ring of ice
Wands
 q - a wand of iceblast (16)
 r - a wand of flame (14)
 A - a wand of charming (12)
 M - a wand of paralysis (5)
Scrolls
 h - 10 scrolls of teleportation
 s - 5 scrolls of fear
 G - a scroll of acquirement {unknown}
 H - a scroll of summoning {unknown}
 I - a scroll of identify
 J - a scroll of vulnerability {unknown}
Potions
 f - 7 potions of curing
 g - 2 potions of mutation
 i - 2 potions of magic
 k - 2 potions of lignification
 l - 3 potions of ambrosia
 m - 4 potions of flight
 o - 2 potions of invisibility {unknown}
 t - 2 potions of berserk rage
 B - a potion of brilliance {unknown}
 F - a potion of might {unknown}
 K - a potion of haste {unknown}


   Skills:
 + Level 6.4 Fighting
 - Level 10.0(11.7) Short Blades
 - Level 10.4(12.0) Long Blades
 - Level 1.7 Throwing
 + Level 1.8 Armour
 + Level 4.6 Dodging
 + Level 6.8 Stealth
 - Level 4.0 Shields
 - Level 8.0 Invocations
 - Level 4.0 Evocations


You had 11 spell levels left.
You didn't know any spells.
Your spell library contained the following spells:

 Spells                   Type           Power      Damage    Failure   Level
 Apportation              Tloc           0%         N/A       100%        1
 Foxfire                  Conj/Fire      0%         2x1d4     100%        1
 Sandblast                Erth           0%         2d4       100%        1
 Shock                    Conj/Air       0%         1d3       100%        1
 Summon Small Mammal      Summ           0%         N/A       100%        1
 Blink                    Tloc           N/A        N/A       100%        2
 Call Imp                 Summ           0%         N/A       100%        2
 Passwall                 Tmut/Erth      0%         N/A       100%        2
 Call Canine Familiar     Summ           0%         N/A       100%        3
 Conjure Flame            Conj/Fire      0%         6-21      100%        3
 Inner Flame              Hex/Fire       0%         N/A       100%        3
 Stone Arrow              Conj/Erth      0%         3d7       100%        3
 Summon Guardian Golem    Hex/Summ       0%         N/A       100%        3
 Swiftness                Air            0%         N/A       100%        3
 Petrify                  Tmut/Erth      0%         N/A       100%        4
 Sticky Flame             Conj/Fire      0%         2d3       100%        4
 Summon Ice Beast         Ice/Summ       0%         N/A       100%        4
 Summon Lightning Spire   Summ/Air       0%         N/A       100%        4
 Fireball                 Conj/Fire      0%         3d3       100%        5
 Lee's Rapid Deconstruct  Erth           0%         3d5*      100%        5
 Manifold Assault         Tloc           0%         N/A       100%        5


Dungeon Overview and Level Annotations

Branches:
Dungeon (12/15)            Temple (1/1) D:4            Lair (0/6) D:8
    Orc (1/2) D:12

Altars:
Ashenzari
Cheibriados
Dithmenos
Elyvilon
Fedhas
Gozag
Hepliaklqana
Kikubaaqudgha
Makhleb
Nemelex Xobeh
Okawaru
Qazlal
Ru
Sif Muna
Trog
Uskayaw
Vehumet
Wu Jian
Xom
Yredelemnul
Zin
The Shining One
Beogh

Shops:
D:5 :   D:6 !

Annotations:
D:9 exclusion: ice statue
D:10 5 runed translucent doors, Thantalas's ghost, novice MiBe
D:12 2 transporters, Vehouc's ghost, journeyman KoBe


Innate Abilities, Weirdness & Mutations

You have razor-sharp teeth.
Your natural rate of healing is unusually fast.
When hurt, damage is shared between your health and your magic reserves.
Your bite disrupts and absorbs the magic of your enemies.
Potions cannot restore your health.


Message History

The warg is heavily wounded.
The orc hits you but does no damage. The warg bites you.
You slash the warg!
The warg is severely wounded.
The warg bites you but does no damage. The orc hits you with a +0 flail.
You can now pass through a line of other dancers.
You slash the warg!
You kill the warg!
You block the orc's attack.
You slice the orc!!
You kill the orc!
You slash the orc warlord!
The orc warlord is lightly wounded.
Uskayaw will force your foes to helplessly watch your dance.
Uskayaw prepares the audience for your solo!
The helpless orc warlord fails to defend itself.
You slice the orc warlord!! You bite the orc warlord! You drain its power.
You feel invigorated.
The orc warlord is heavily wounded.
The helpless orc warlord fails to defend itself.
You slash the orc warlord!
The orc warlord is heavily wounded.
The orc warlord is no longer paralysed.
You block the orc warlord's attack.
You hit the orc warlord.
You bite the orc warlord, but do no damage.
The orc warlord is severely wounded.
The orc knight is no longer paralysed.
The orc warlord hits you but does no damage.
Uskayaw will force your foes to share their pain.
Uskayaw links your audience in an emotional bond!
You barely miss the orc warlord.
The orc warlord is severely wounded.
The orc warlord hits you with a +3 broad axe of flaming!!
The orc warlord burns you!
You hit the orc warlord.
The orc warlord is severely wounded.
The orc knight hits you with a +0 great sword!!
* * * LOW HITPOINT WARNING * * *
The orc warlord hits you with a +3 broad axe of flaming!!
You die...

#.........# ###
###...#....### #....###.....#
...# #####...##.....#### #$..
#.###....#..#####.# ##..h
###..###.....## #..# #....
#....####....####....
....o####..o.#.#.......#.....
...o.#h#..o@..#...........#
#[)...###......##....>.#
###$).#####....###.[).###
#...#T..#......##)))#...#
#)e.##).#.........)##...#
....####.....##.....###.....
#.... ##....###....# ##....
#.... ###.## ##...# ###.#
#^.. #.## #..#.. .#


You could see an orc warlord (strong, pain bonded) and an orc knight (strong,
pain bonded).

Vanquished Creatures
  Fannar (D:12)
  2 hydras (D:11)
  6 two-headed ogres
  A centaur warrior (D:11)
  Pikel (D:6)
  2 gargoyles
  The ghost of Topotin the Shield-Bearer, a novice GnFi (D:4)
  2 kobold demonologists
  2 trolls
  A hornet (D:9)
  Prince Ribbit (D:6)
  7 spriggans (D:9)
  14 yaks
  2 vampires
  A wraith (D:12)
  Grum (D:11)
  A basilisk (D:12)
  2 vampire mosquitoes (D:11)
  A steam dragon (D:8)
  Edmund (D:6)
  5 wargs
  2 acid dragons
  4 water moccasins
  Duvessa (D:6)
  16 orc warriors
  2 ice beasts
  5 ogres
  2 necrophages (D:4)
  2 wolves (D:11)
  6 centaurs
  3 phantoms
  A kobold brigand (D:8)
  5 bullfrogs
  A gnoll sergeant (D:9)
  Dowan (D:6)
  2 water moccasin skeletons (D:6)
  9 wights
  A killer bee (D:10)
  10 howler monkeys
  4 quasits (D:4)
  3 centaur zombies
  A centaur skeleton (D:6)
  A hound (D:5)
  2 jellies
  A gnoll shaman (D:6)
  8 orc priests
  2 iguanas
  A bullfrog skeleton (D:6)
  8 orc wizards
  A killer bee zombie (D:8)
  6 adders
  6 gnolls
  A howler monkey skeleton (D:7)
  3 white imps
  A worm (D:2)
  A dart slug (D:3)
  58 orcs
  6 bats
  10 endoplasms
  3 giant cockroaches (D:2)
  11 goblins
  4 hobgoblins
  3 jackals (D:5)
  6 quokkas
  7 ball pythons
  3 frilled lizards
  11 kobolds
  4 rats (D:3)
304 creatures vanquished.

Vanquished Creatures (others)
  A water elemental (D:10)
  An air elemental (D:10)
  A centaur zombie (D:10)
3 creatures vanquished.

Grand Total: 307 creatures vanquished

Notes
Turn   | Place    | Note
-------+----------+-------------------------------------------
     0 | D:1      | tilp the Vine Stalker Brigand began the quest for the Orb.
     0 | D:1      | Reached XP level 1. HP: 11/11 MP: 2/2
   296 | D:1      | Reached XP level 2. HP: 15/15 MP: 3/3
   855 | D:1      | Found a faded altar of an unknown god.
  1400 | D:2      | Reached XP level 3. HP: 19/19 MP: 4/4
  2395 | D:3      | Gained mutation: Your natural rate of healing is unusually
                  | fast. [Vine Stalker growth]
  2395 | D:3      | Reached XP level 4. HP: 13/22 MP: 5/5
  2656 | D:3      | Reached XP level 5. HP: 25/28 MP: 6/6
  3271 | D:4      | Noticed a phantom
  3334 | D:4      | Killed a phantom
  3402 | D:4      | Found a transporter.
  3403 | D:4      | Noticed Topotin's ghost (novice GnFi)
  3417 | D:4      | Found a transporter.
  3433 | D:4      | Found a staircase to the Ecumenical Temple.
  3436 | D:4      | Noticed a necrophage
  3461 | D:4      | Killed a necrophage
  3462 | D:4      | Reached skill level 1 in Dodging
  3462 | D:4      | Reached XP level 6. HP: 13/33 MP: 5/7
  3492 | Temple   | Entered the Ecumenical Temple
  3590 | Temple   | Became a worshipper of Uskayaw the Reveller
  3666 | D:4      | Reached * piety under Uskayaw
  3806 | D:4      | Noticed a necrophage
  3815 | D:4      | Reached ** piety under Uskayaw
  3818 | D:4      | Reached *** piety under Uskayaw
  3819 | D:4      | Killed a necrophage
  3913 | D:5      | Entered Level 5 of the Dungeon
  3960 | D:5      | Reached skill level 5 in Short Blades
  3965 | D:5      | Reached XP level 7. HP: 37/37 MP: 8/8
  4175 | D:5      | Found Piahufen's Book Shop.
  4349 | D:5      | Reached skill level 5 in Stealth
  4560 | D:6      | Identified the +6 chain mail of Yxiumull {Regen+}
  4560 | D:6      | Noticed Edmund
  4585 | D:6      | Gained mutation: You have razor-sharp teeth. [Vine Stalker
                  | growth]
  4585 | D:6      | Reached XP level 8. HP: 41/42 MP: 7/9
  4595 | D:6      | Killed Edmund
  4597 | D:6      | Reached **** piety under Uskayaw
  4638 | D:6      | Reached skill level 5 in Fighting
  4652 | D:6      | Noticed Pikel
  4671 | D:6      | Killed Pikel
  4676 | D:6      | Noticed Duvessa
  4680 | D:6      | Noticed Dowan
  4686 | D:6      | Killed Duvessa
  4694 | D:6      | Killed Dowan
  4695 | D:6      | Reached XP level 9. HP: 48/48 MP: 10/10
  4774 | D:6      | Reached skill level 1 in Invocations
  4896 | D:6      | Noticed Prince Ribbit
  4921 | D:6      | Killed Prince Ribbit
  5332 | D:6      | Found Koukken's Distillery.
  5338 | D:6      | Bought a potion of degeneration for 12 gold pieces
  5501 | D:6      | Found a sparkling altar of Nemelex Xobeh.
  6165 | D:7      | You fall into a shaft and drop 3 floors!
  6165 | D:10     | Entered Level 10 of the Dungeon
  6435 | D:7      | Reached ***** piety under Uskayaw
  6730 | D:7      | Reached XP level 10. HP: 53/53 MP: 14/14
  7044 | D:8      | Found a staircase to the Lair.
  7056 | D:8      | Reached skill level 10 in Short Blades
  7116 | D:8      | Reached skill level 1 in Evocations
  7795 | D:8      | Found a faded altar of an unknown god.
  7795 | D:8      | Found a stormy altar of Qazlal.
  7802 | D:8      | Found an ancient bone altar of Kikubaaqudgha.
  7804 | D:8      | Found a faded altar of an unknown god.
  7806 | D:8      | Found a glowing silver altar of Zin.
  7940 | D:8      | Found a glowing golden altar of the Shining One.
  8010 | D:9      | Noticed a kobold demonologist
  8017 | D:9      | Killed a kobold demonologist
  8018 | D:9      | Reached skill level 5 in Invocations
  8033 | D:9      | Noticed an ice statue
  8137 | D:9      | Noticed a two-headed ogre
  8146 | D:9      | Killed a two-headed ogre
  8335 | D:9      | Reached XP level 11. HP: 41/56 MP: 10/17
  8360 | D:9      | Reached skill level 1 in Shields
  8673 | D:9      | Noticed a two-headed ogre
  8683 | D:9      | Killed a two-headed ogre
  9175 | D:10     | Found a runed translucent gate.
  9175 | D:10     | Found a runed translucent gate.
  9175 | D:10     | Found a runed translucent gate.
  9180 | D:10     | Noticed Thantalas's ghost (novice MiBe)
  9295 | D:10     | Found a broken altar of Ashenzari.
  9414 | D:10     | Found a large runed translucent door.
  9415 | D:10     | Found a large runed translucent door.
  9612 | D:10     | Found a large runed translucent door.
  9612 | D:10     | Found a large runed translucent door.
 10002 | D:10     | Reached skill level 5 in Long Blades
 10013 | D:10     | Found a burning altar of Makhleb.
 10018 | D:10     | Found an opulent altar of Gozag.
 10235 | D:11     | Noticed a two-headed ogre
 10246 | D:11     | Killed a two-headed ogre
 10308 | D:11     | Noticed a two-headed ogre
 10308 | D:11     | Noticed a centaur warrior
 10322 | D:11     | Killed a centaur warrior
 10327 | D:11     | Killed a two-headed ogre
 10327 | D:11     | Reached ****** piety under Uskayaw
 10438 | D:11     | Noticed a two-headed ogre
 10464 | D:10     | Reached XP level 12. HP: 48/61 MP: 17/19
 10520 | D:11     | Killed a two-headed ogre
 10592 | D:11     | Noticed Grum
 10592 | D:11     | Noticed an eight-headed hydra
 10607 | D:11     | Killed an eight-headed hydra
 10611 | D:11     | Killed Grum
 10656 | D:11     | Noticed a five-headed hydra
 10665 | D:11     | Killed a five-headed hydra
 10934 | D:12     | Identified Subbim's Grimoire of Quantum Feathers
 11033 | D:12     | Reached skill level 10 in Long Blades
 11204 | D:12     | Noticed a two-headed ogre
 11213 | D:12     | Killed a two-headed ogre
 11222 | D:12     | Found a staircase to the Orcish Mines.
 11417 | D:12     | Noticed a two-headed ogre
 11418 | D:12     | Noticed Vehouc's ghost (journeyman KoBe)
 11419 | D:12     | Noticed a two-headed ogre
 11421 | D:12     | Found a transporter.
 11422 | D:12     | Found a transporter.
 11422 | D:12     | Noticed a two-headed ogre
 11432 | D:12     | Identified the +8 dire flail "Dat Xyfo" {freeze, *Noise rF+
                  | rN+}
 11432 | D:12     | Noticed a two-headed ogre
 11957 | D:6      | Bought a potion of curing for 36 gold pieces
 11957 | D:6      | Bought a potion of curing for 36 gold pieces
 11957 | D:6      | Bought a potion of berserk rage for 60 gold pieces
 12015 | D:4      | Killed Topotin's ghost
 12259 | Orc:1    | Entered Level 1 of the Orcish Mines
 12311 | Orc:1    | Reached skill level 1 in Armour
 12375 | Orc:1    | Noticed Fannar
 12382 | Orc:1    | Noticed an orc warlord
 12388 | Orc:1    | HP: 2/61 [orc knight/+0 great sword (29)]
 12538 | D:12     | Killed Fannar
 12640 | Orc:1    | Mangled by an orc warlord

Illustrated notes

Levels and vault maps discovered:
D:1:      dpeg_arrival_signposts, layout_rooms,
          shapermc_ecumenical_altar_mp_highgroup, roderic_serpentine_path
D:2:      layout_basic
D:3:      layout_basic
D:4:      layout_basic, minmay_temple_entry_large_hall,
          gammafunk_ghost_stat_death, serial_forest,
          infiniplex_forest_lined_room_2, infiniplex_forest_lined_2,
          infiniplex_forest_end_3, infiniplex_forest_corner_1
D:5:      layout_cave_pools, serial_shops, shop
D:6:      minmay_spotlight, layout_layer_cave, nemelex_spade_bored_becter,
          serial_shops, shop, uniq_prince_ribbit1, uniq_pikel, uniq_edmund,
          uniq_duvessa
D:7:      layout_loops_ring
D:8:      layout_basic, chequers_temple_overflow_minitemple, tso_altar,
          erik_lair_orcish_takeover
D:9:      kb_forest_paths, layout_irregular_city, minmay_statue_bubble
D:10:     layout_roguey, cheibrodos_ashenzari_chains, jmf_multi_god_temple2,
          ebering_ghost_rock_garden, lightli_elemental_guards
D:11:     layout_roguey, special_room [special_room_orc], uniq_grum
D:12:     layout_roguey, orc_david_3, gammafunk_ghost_smash
Temple:   jpeg_temple_clearing
Orc:1:    layout_diamond_mine, nicolae_orc_lava_room, uniq_fannar

Skill      XL: |  1  2  3  4  5  6  7  8  9 10 11 12 |
---------------+-------------------------------------+-----
Fighting       | 2 3 4 6 |  6.4
Short Blades   | 2 3 4 5 6 8 9 10 | 10.0
Dodging        | 1 2 4 |  4.6
Stealth        | 5 6 |  6.8
Invocations    | 4 7 8 |  8.0
Evocations     | 4 |  4.0
Shields        | 4 |  4.0
Long Blades    | 7 10 | 10.4
Armour         | 1 |  1.8
Throwing       | |  1.7

Action                   |  1- 3 |  4- 6 |  7- 9 | 10-12 || total
-------------------------+-------+-------+-------+-------++-------
Melee: Dagger            |    89 |   189 |   305 |    15 ||   598
       Bite              |    13 |    54 |   115 |   127 ||   309
       Katana            |       |       |    16 |   395 ||   411
Throw: Dart              |       |       |    17 |    17 ||    34
Evoke: Wand              |       |     3 |       |       ||     3
  Use: Scroll            |     1 |     5 |     4 |     6 ||    16
 Stab: Sleeping          |    12 |       |       |       ||    12
       Distracted        |     2 |     1 |       |       ||     3
       Paralysed         |       |     2 |    10 |    46 ||    58
Armor: Robe              |    11 |       |       |       ||    11
       Scale mail        |    10 |    61 |    33 |       ||   104
       Leather armour    |     4 |       |       |       ||     4
       Chain mail        |       |       |    99 |   241 ||   340
Dodge: Dodged            |    38 |    64 |    94 |    99 ||   295
Block: Buckler           |       |       |       |     7 ||     7
       Kite shield       |       |       |       |   115 ||   115
       Rpst.: Katana     |       |       |     2 |    29 ||    31

Table legend: (Time is in decaauts)
 A = Elapsed time spent in this place.
 B = Non-inter-level travel time spent in this place.
 C = Inter-level travel time spent in this place.
 D = Time resting spent in this place.
 E = Time spent auto-exploring this place.
 F = Levels seen in this place.
 G = Mean time per level.
                   A        B        C        D        E       F      G
               +--------+--------+--------+--------+--------+-----+--------+
         Total |  12450 |  11422 |   1028 |    985 |   8493 |  14 |  889.3 |
       Dungeon |  12085 |  11103 |    982 |    985 |   8286 |  12 | 1007.1 |
        Temple |    115 |     69 |     46 |      0 |     68 |   1 |  115.0 |
  Orcish Mines |    249 |    249 |      0 |      0 |    139 |   1 |  249.0 |
               +--------+--------+--------+--------+--------+-----+--------+

Top non-repeatable levels by time:
     D:6: 1610 daAuts
     D:1: 1389 daAuts
    D:10: 1223 daAuts
     D:8: 1217 daAuts
     D:9: 1095 daAuts
     D:2: 976 daAuts
    D:12: 974 daAuts
    D:11: 843 daAuts
     D:3: 832 daAuts
     D:7: 677 daAuts
     D:4: 630 daAuts
     D:5: 615 daAuts
   Orc:1: 249 daAuts
  Temple: 115 daAuts
